 Dungeon Crawl Stone Soup version 0.19-a0-1662-gb81896f (webtiles) character file.

272 Banto the Slasher (level 6, 0/39 HPs)
             Began as a High Elf Skald on Sept 21, 2016.
             Slain by an orc
             ... wielding a +0 dagger
              (5 damage)
             ... on level 2 of the Dungeon.
             The game lasted 00:04:57 (3097 turns).

Banto the Slasher (High Elf Skald)                  Turns: 3097, Time: 00:04:58

Health: 0/39       AC:  3    Str: 11    XL:     6   Next: 2%
Magic:  3/10       EV: 14    Int: 16    God:
Gold:   70         SH:  0    Dex: 17    Spells: 2 memorised, 6 levels left

rFire  . . .     SeeInvis .     a - +0 falchion
rCold  . . .     Gourm    .     b - +0 leather armour
rNeg   . . .     Faith    .     (no shield)
rPois  .         Spirit   .     (no helmet)
rElec  .         Dismiss  .     (no cloak)
rCorr  .         Reflect  .     (no gloves)
MR     .....     Harm     .     (no boots)
Stlth  ++........               (no amulet)
                                (no ring)
                                m - ring of stealth

@: no status effects
A: no striking features
a: no special abilities


You were on level 2 of the Dungeon.
You were very hungry.

You visited 1 branch of the dungeon, and saw 3 of its levels.

You collected 70 gold pieces.

Inventory:

Hand Weapons
 a - a +0 falchion (weapon)
Armour
 b - a +0 leather armour (worn)
Jewellery
 m - a ring of stealth (left hand)
Wands
 e - a wand of digging (2/24)
 j - a wand of random effects (11/48)
Scrolls
 h - a scroll of blinking
 n - a scroll of magic mapping
Potions
 c - a potion of might
 i - a potion of heal wounds
 k - a potion of curing {unknown}
Comestibles
 d - 2 bread rations
 f - a royal jelly
 g - a beef jerky


   Skills:
 - Level 2.0 Fighting
 + Level 5.6 Long Blades
 - Level 0.8 Armour
 + Level 4.7 Dodging
 - Level 2.4 Spellcasting
 - Level 3.6 Charms


You had 6 spell levels left.
You knew the following spells:

 Your Spells              Type           Power        Failure   Level  Hunger
a - Infusion              Chrm           ##..         8%          1    #......
b - Song of Slaying       Chrm           ##......     12%         2    ###....


Dungeon Overview and Level Annotations

Branches:
Dungeon (3/15)

Altars:
Xom
Zin
The Shining One


Message History

The orc wizard is almost dead.
The orc closely misses you. The orc wizard barely misses you.
Okay, then.
You closely miss the orc wizard.
The orc wizard is almost dead.
The orc misses you.
The orc wizard hits you but does no damage.
You hit the orc wizard.
You kill the orc wizard!
You have reached level 6!
Your experience leads to an increase in your attributes!
Increase (S)trength, (I)ntelligence, or (D)exterity?
You feel agile.
You feel clever. The orc hits you with a dagger.
* * * LOW HITPOINT WARNING * * *
You closely miss the orc. The orc hits you but does no damage.
You hit the orc.
The orc is moderately wounded.
The orc hits you with a dagger.
You die...

#.# #†# ##.....### ##.....# #.#
#.# ##...## ###..)## #.#
#.######..# #....... #.#
#.........# #......? #.#
########.## #.##.### #.# ##'##
#.##.# # #.# ##...## #.##.# #
#.## ##>....## #.##.# # #..##
##...@)..## ##.##.# #
##...####...))o...####...#.###
#.......'.........'...........
#####...####.........###....#.###
#.........###.......###.##.##.#
#.###.###.# ##.....###.######.#
#.###.# #.# ##...###.## #.#
#.#...# #.# ##'###.## ###.#
#.#.### #.# #.##.## #...#


You could see an orc.

Vanquished Creatures
  2 orc wizards
  Ijyb (D:2)
  Terence (D:2)
  Natasha (thrice) (D:2)
  4 adders
  A worm (D:2)
  A dart slug (D:1)
  3 leopard geckos
  3 orcs (D:2)
  A giant cockroach (D:1)
  7 goblins
  5 hobgoblins
  3 jackals (D:3)
  7 kobolds
  A quokka (D:2)
  6 bats
  2 frilled lizards (D:1)
  6 rats
57 creatures vanquished.

Notes
Turn   | Place    | Note
-------+----------+-------------------------------------------
     0 | D:1      | Banto the High Elf Skald began the quest for the Orb.
     0 | D:1      | Reached XP level 1. HP: 14/14 MP: 4/4
    89 | D:1      | Reached XP level 2. HP: 11/19 MP: 6/6
   367 | D:1      | Reached skill level 3 in Long Blades
   495 | D:1      | Reached XP level 3. HP: 23/24 MP: 7/7
   883 | D:2      | Found a shimmering altar of Xom.
   883 | D:2      | Noticed an angel
   883 | D:2      | Noticed Terence
   927 | D:2      | Found a glowing silver altar of Zin.
  1064 | D:2      | Noticed Ijyb
  1075 | D:2      | Killed Ijyb
  1075 | D:2      | Reached skill level 4 in Long Blades
  1075 | D:2      | Reached XP level 4. HP: 21/29 MP: 0/8
  1182 | D:2      | Learned a level 2 spell: Song of Slaying
  1487 | D:2      | Killed Terence
  1533 | D:2      | Noticed Natasha
  1542 | D:2      | Killed Natasha
  1648 | D:2      | Noticed Natasha
  1656 | D:2      | Killed Natasha
  1656 | D:2      | Reached skill level 5 in Long Blades
  1656 | D:2      | Reached XP level 5. HP: 12/34 MP: 3/9
  1663 | D:2      | Noticed Natasha
  1676 | D:2      | Killed Natasha
  2453 | D:3      | Found a glowing golden altar of the Shining One.
  3095 | D:2      | Reached XP level 6. HP: 5/39 MP: 3/10
  3097 | D:2      | Slain by an orc

Vault maps used:
D:1:      minmay_arrival_hallway
D:2:      grunt_temple_overflow_order_and_chaos_1, first_bread, uniq_iyjb,
          uniq_terence, uniq_natasha
D:3:      tso_oasis_becter, st_stairs_1

Skill      XL: |  1  2  3  4  5 |
---------------+----------------+-----
Dodging        | 2 3 4 |  4.7
Long Blades    | 3 4 5 |  5.6
Fighting       | |  2.0
Armour         | |  0.8
Spellcasting   | |  2.4
Charms         | |  3.6

Action                   |  1- 3 |  4- 6 || total
-------------------------+-------+-------++-------
Melee: Falchion          |   117 |   108 ||   225
 Cast: Infusion          |     5 |    10 ||    15
  Use: Scroll            |     6 |       ||     6
       Potion            |       |     2 ||     2
 Stab: Sleeping          |     2 |       ||     2
       Distracted        |       |     1 ||     1
  Eat: Chunk             |     1 |     5 ||     6
Armor: Leather armour    |    31 |    13 ||    44
Dodge: Dodged            |    69 |    59 ||   128

Table legend:
 A = Turns spent in this place as a percentage of turns spent in the entire game.
 B = Non-inter-level travel turns spent in this place as a percentage of non-inter-level travel turns spent in the entire game.
 C = Inter-level travel turns spent in this place as a percentage of turns spent in this place.
 D = Turns resting spent in this place as a percentage of non-inter-level travel turns spent in this place.
 E = Turns spent auto-exploring this place as a percentage of non-inter-level travel turns spent in this place.
 F = Non-inter-level travel turns spent in this place divided by the number of levels of this place that you've seen.
                   A       B       C       D       E      F
               +-------+-------+-------+-------+-------+----------------------
         Total | 100.0 | 100.0 |   0.4 |   7.3 |   9.1 | 263.7
       Dungeon | 100.0 | 100.0 |   0.4 |   7.3 |   9.1 | 263.7
               +-------+-------+-------+-------+-------+----------------------

Table legend:
 A = Kills in this place as a percentage of kills in entire the game.
 B = Kills by you in this place as a percentage of kills by you in the entire game.
 C = Kills by friends in this place as a percentage of kills by friends in the entire game.
 D = Other kills in this place as a percentage of other kills in the entire game.
 E = Experience gained in this place as a percentage of experience gained in the entire game.
 F = Experience gained in this place divided by the number of levels of this place that you have seen.
                   A       B       C       D       E      F
               +-------+-------+-------+-------+-------+----------------------
         Total | 100.0 | 100.0 |  -nan |  -nan | 100.0 | 129.7
       Dungeon | 100.0 | 100.0 |  -nan |  -nan | 100.0 | 129.7
               +-------+-------+-------+-------+-------+----------------------
